 Dungeon Crawl Stone Soup version 0.30-a0-840-ga523dec638 (webtiles) character file.

Game seed: 3210290925701183205

156 hikkokomori the Digger (level 5, -13/66 HPs)
             Began as a Draconian Earth Elementalist on Mar 2, 2023.
             Was a Follower of Vehumet.
             Mangled by Ijyb
             ... wielding a +3 dagger of electrocution
              (20 damage)
             ... on level 3 of the Dungeon.
             The game lasted 00:04:16 (3167 turns).

hikkokomori the Digger (DrEE)                       Turns: 3167, Time: 00:04:16

Health: -13/66     AC: 22    Str: 10    XL:     5   Next: 14%
Magic:  7/8        EV:  2    Int: 17    God:    Vehumet [*.....]
Gold:   166        SH:  0    Dex: 12    Spells: 7/8 levels left

rFire   . . .      SeeInvis .    c - +0 short sword
rCold   . . .      Faith    .    (no shield)
rNeg    . . .      Spirit   .    (body armour unavailable)
rPois   +          Reflect  .    (helmet currently unavailable)
rElec   .          Harm     .    (cloak currently unavailable)
rCorr   .          Rampage  .    (gloves currently unavailable)
Will    .....      NoTele   +    (boots currently unavailable)
Stlth   ++                       (no amulet)
HPRegen 0.31/turn                (no ring)
MPRegen 0.11/turn                (no ring)

@: tree-form
A: stationary, stasis, torment immunity, boosted hp, AC +5, unfitting armour,
(cold-blooded)
a: Renounce Religion


You were on level 3 of the Dungeon.
You worshipped Vehumet.
Vehumet was aware of your devotion.
You were a tree.
You visited 1 branch of the dungeon, and saw 4 of its levels.

You collected 166 gold pieces.

Inventory:

Hand Weapons
 c - a +0 short sword (weapon)
Jewellery
 m - a ring of willpower
Wands
 p - a wand of charming (4)
Scrolls
 d - 4 scrolls of identify {unknown}
 f - a scroll of teleportation {unknown}
 g - a scroll of blinking
 h - a scroll of torment {unknown}
 i - a scroll of enchant armour {unknown}
 o - a scroll of amnesia {unknown}
 q - a scroll of fear {unknown}
Potions
 a - 2 potions of magic
 b - a potion of degeneration {unknown}
 e - 3 potions of curing
 j - a potion of might {unknown}
 k - a potion of brilliance {unknown}
 l - a potion of lignification
 n - a potion of mutation {unknown}
 r - a potion of heal wounds {unknown}
 s - a potion of resistance {unknown}


   Skills:
 + Level 2.9 Fighting
 - Level 1.7 Dodging
 + Level 3.3 Stealth
 - Level 2.0 Spellcasting
 - Level 1.0 Transmutations
 + Level 4.1 Earth Magic


You had 7 spell levels left.
You knew the following spells:

 Your Spells              Type           Power      Damage    Failure   Level
a - Sandblast             Erth           30%        2d9       3%          1

Your spell library contained the following spells:

 Spells                   Type           Power      Damage    Failure   Level
 Freeze                   Ice            4%         1d3       19%         1
 Passwall                 Tmut/Erth      8%         N/A       10%         2
 Stone Arrow              Conj/Erth      16%        3d8       24%         3
 Petrify                  Tmut/Erth      10%        N/A       54%         4
 Animate Dead             Necr           1%         N/A       88%         4
 Blade Hands              Tmut           2%         N/A       98%         5
 Iron Shot                Conj/Erth      4%         9d2       100%        6
 Haunt                    Necr/Summ      0%         N/A       100%        7
 Infestation              Necr           0%         N/A       100%        8
 Animate Armour           Summ/Erth      Unusable   N/A       N/A         4

Dungeon Overview and Level Annotations

Branches:
Dungeon (4/15)
 Temple: D:4-7

Altars:
Sif Muna
Vehumet

Annotations:
D:3 Ijyb


Innate Abilities, Weirdness & Mutations

You are a tree.
Your roots penetrate the ground, keeping you stationary.
You cannot be teleported.
You are immune to unholy pain and torment.
Your maximum health is greatly increased.
Your equipment is partially melded.
((Your plain brown scales are hard. (AC +5)))
You cannot fit into any form of body armour.
((You are cold-blooded and may be slowed by cold attacks.))


Message History

You are electrocuted!
You're too confused to move!
Ijyb zaps a wand.
You resist with some effort.
You hit the worm but do no damage.
The worm is moderately wounded.
Ijyb zaps a wand.
Your will is overpowered!
You are more confused.
The worm bites you.
You bump into the rock wall.
Ijyb zaps a wand.
You resist with some effort.
The now-empty wand crumbles to dust.
It was a potion of curing.
You feel better.
Ijyb screams, "It's all mine!"
Ijyb hits you with a +3 dagger of electrocution.
Casting: Sandblast (safe; 3% risk of failure)
Confirm with . or Enter, or press ? or * to list all spells.
Okay, then.
Aiming: Charm
Press: ? - help, Shift-Dir - straight line, f - worm
Aim: a worm (lightly wounded, chance to affect: 57%) Ijyb resists with significant effort.
Ijyb hits you but does no damage.
Aiming: Charm
Press: ? - help, Shift-Dir - straight line, f/p - worm
Aim: a worm (lightly wounded, chance to affect: 57%)
The worm is charmed.
Ijyb hits you with a +3 dagger of electrocution.
You are electrocuted!
* * * LOW HITPOINT WARNING * * *
It was a potion of lignification.
You turn into a tree.
Your roots penetrate the ground.
Ijyb hits you but does no damage.
Casting: Sandblast (safe; 3% risk of failure)
Confirm with . or Enter, or press ? or * to list all spells.
Aiming: Sandblast (safe; 3% risk of failure)
Press: ? - help, Shift-Dir - straight line, f - Ijyb, p - worm
Aim: Ijyb, wielding a +3 dagger of electrocution and wearing a +0 chain mail (82% to hit)
The blast of sand misses Ijyb.
Ijyb hits you but does no damage.
You are electrocuted!
* * * LOW HITPOINT WARNING * * *
Ijyb hits you with a +3 dagger of electrocution.
* * * LOW HITPOINT WARNING * * *
You are electrocuted!!
You die...

##.....###.# #.......
#.......#..# #......#
###.......#..###......#
#.'..._...'...........#
#.#.......##....#######
#.#.......#+....'......
#.##.....###....#######
#..###'### ######......
##..##♣.###### #......
##.##wg#....####......
#.......>..'..+......
#.##.#......###......
#....#..#...#####'###
###..#.##~..#......##
#.#..##~~.#.....)'.
#.#.###8~.#......#.
####.....#~~.#.†....##


You could see Ijyb and a friendly worm (charmed).

Vanquished Creatures
  2 orc wizards (D:4)
  2 adders
  2 worms
  2 orcs (D:4)
  6 ball pythons
  8 bats
  8 endoplasms
  A giant cockroach (D:2)
  8 goblins
  9 hobgoblins
  11 jackals
  3 quokkas
  4 frilled lizards
  5 kobolds
  4 rats
75 creatures vanquished.

Vanquished Creatures (others)
  4 plants (D:3)
4 creatures vanquished.

Grand Total: 79 creatures vanquished

Notes
Turn   | Place    | Note
-------+----------+-------------------------------------------
     0 | D:1      | hikkokomori the Draconian Earth Elementalist began the
                  | quest for the Orb.
     0 | D:1      | Reached XP level 1. HP: 14/14 MP: 3/3
   179 | D:1      | Reached XP level 2. HP: 22/22 MP: 1/5
   180 | D:1      | Reached skill level 1 in Fighting
   794 | D:1      | Reached XP level 3. HP: 8/28 MP: 0/6
  1090 | D:1      | You fall into a shaft and drop 1 floor!
  1886 | D:2      | Reached XP level 4. HP: 36/36 MP: 4/7
  2087 | D:3      | Found a radiant altar of Vehumet.
  2136 | D:3      | Became a worshipper of Vehumet
  2377 | D:3      | Identified the +0 ring mail of Sif Muna's Anger {rPois rC+}
  2500 | D:3      | Found a shimmering blue altar of Sif Muna.
  2982 | D:4      | Noticed Ijyb
  2985 | D:4      | Reached * piety under Vehumet
  2985 | D:4      | Offered knowledge of Freeze by Vehumet.
  2986 | D:4      | Reached skill level 4 in Earth Magic
  2996 | D:4      | Reached XP level 5. HP: 12/44 MP: 2/8
  3167 | D:3      | Mangled by Ijyb

Illustrated notes

Levels and vault maps discovered:
D:1:      pf_arrival_petrified_forest, layout_loops_cross, nrook_loot_triangle,
          nicolae_concentric_dashed_squares_mild, minivault_27,
          roderic_roman_lattice, st_stairs_6
D:2:      layout_basic
D:3:      cheibrodos_old_hovel, layout_basic, nicolae_vehumet_altar_sigil,
          mainiacjoe_overflow_tiny_flanked, moated_statue, grunt_decor_junction
D:4:      layout_cave_pools, nicolae_yredelemnul_corpse_copse, temple_statues,
          uniq_ijyb

Skill      XL: |  1  2  3  4 |
---------------+-------------+-----
Stealth        | 2 3 |  3.3
Fighting       | 1 2 |  2.9
Earth Magic    | 4 |  4.1
Dodging        | |  1.7
Spellcasting   | |  2.0
Transmutations | |  1.0

Action                     |  1- 3 |  4- 6 || total
---------------------------+-------+-------++-------
  Melee: Unarmed           |    32 |       ||    32
         Short sword       |    26 |     7 ||    33
         Tailslap          |     5 |     2 ||     7
   Cast: Sandblast         |    60 |    40 ||   100
  Evoke: Wand              |       |     2 ||     2
    Use: Potion            |       |     2 ||     2
         Scroll            |       |     1 ||     1
 Armour: Skin              |    25 |     9 ||    34
  Dodge: Dodged            |    63 |    10 ||    73

Table legend: (Time is in decaauts)
 A = Elapsed time spent in this place.
 B = Non-inter-level travel time spent in this place.
 C = Inter-level travel time spent in this place.
 D = Time resting spent in this place.
 E = Time spent auto-exploring this place.
 F = Levels seen in this place.
 G = Mean time per level.
                   A        B        C        D        E       F      G
               +--------+--------+--------+--------+--------+-----+--------+
         Total |   3222 |   3208 |     14 |    194 |   2467 |   4 |  805.5 |
       Dungeon |   3222 |   3208 |     14 |    194 |   2467 |   4 |  805.5 |
               +--------+--------+--------+--------+--------+-----+--------+

Top non-repeatable levels by time:
     D:1: 1162 daAuts
     D:3: 1059 daAuts
     D:2: 908 daAuts
     D:4: 92 daAuts
